 Dungeon Crawl Stone Soup version 0.31-a0-876-gfe8ebadbca (webtiles) character file.

Game seed: 3235084406371374184

269 kae the Vexing (level 6, -1/44 HPs)
             Began as a Demonspawn Enchanter on Oct 13, 2023.
             Slain by a scorpion (2 damage)
             ... on level 5 of the Dungeon.
             The game lasted 00:02:05 (2053 turns).

kae the Vexing (Demonspawn Enchanter)               Turns: 2053, Time: 00:02:05

Health: -1/44      AC:  5    Str:  8    XL:     6   Next: 1%
Magic:  7/9        EV: 12    Int: 18    God:
Gold:   125        SH:  0    Dex: 14    Spells: 5/10 levels left

rFire   . . .        l - +2 short sword (venom)
rCold   . . .        (no shield)
rNeg    . . .        b - +1 robe
rPois   .            (helmet restricted)
rElec   .            (no cloak)
rCorr   .            (no gloves)
SInv    .            (no boots)
Will    .....        (no amulet)
Stlth   ++           (no ring)
HPRegen 0.27/turn    (no ring)
MPRegen 0.11/turn

%: no passive effects
@: lethally poisoned (-1 -> -9), very slightly contaminated
A: horns 1, yellow scales 1, ignite blood 1
a: no special abilities


You were on level 5 of the Dungeon.
You visited 1 branch of the dungeon, and saw 5 of its levels.

You collected 125 gold pieces.


Innate Abilities, Weirdness & Mutations

You have a pair of small horns on your head.
You are partially covered in yellow scales. (AC +2)
Your demonic aura sometimes causes spilled blood to erupt in flames.


   Skills:
 + Level 1.7 Fighting
 * Level 2.8 Short Blades
 + Level 2.6 Dodging
 + Level 3.2 Stealth
 + Level 2.6 Spellcasting
 * Level 4.3 Hexes


You had 5 spell levels left.
You knew the following spells:

 Your Spells              Type           Power      Damage    Failure   Level
a - Ensorcelled Hibernat  Hex/Ice        20%        N/A       11%         2
b - Confusing Touch       Hex            17%        N/A       9%          3

Your spell library contained the following spells:

 Spells                   Type           Power      Damage    Failure   Level
 Tukima's Dance           Hex            17%        N/A       9%          3
 Dazzling Flash           Conj/Hex       20%        N/A       22%         3

Inventory:

Hand Weapons
 a - a +1 dagger
 l - a +2 short sword of venom (weapon)
   (You took it off a kobold on level 2 of the Dungeon)
Missiles
 d - 42 stones
 i - a throwing net {=f!f}
Armour
 b - a +1 robe (worn)
Scrolls
 f - a scroll of identify {@r1}
 h - a scroll of butterflies
Potions
 c - 3 potions of invisibility
 e - a potion of brilliance
 j - a potion of berserk rage {!q}

Dungeon Overview and Level Annotations

Branches:
Dungeon (6/15) Zot: 26759
 Temple: D:4-7

Altars:

# #.# #..#
##..###.###..#
.............#
...###.####.####
.. #.#.......#
##..###.#######.#
..........#####.#
###.###..........
#)s@!......
#.#.####### #.#.#
#.#.# #.#.# #.#.#
#.#.# #.#.# ?..


You could see a scorpion (very poisoned).


Message History

You are poisoned.
The scorpion poisons you! 😮 HP[-1] MP[-2]
You take 1 damage, and now have 30/44 hp.
You lost 2 mp, and now have 7/9 mp.
Casting: Ensorcelled Hibernation (safe; 11% risk of failure)
Confirm with . or Enter, or press ? or * to list all spells.
Aiming: Ensorcelled Hibernation (safe; 11% risk of failure)
Press: ? - help, Shift-Dir - straight line, f/p - scorpion
Aim: a scorpion (chance to affect: 44%)
The scorpion resists with some effort.
You feel sick. The scorpion stings you!
* * * LOW HITPOINT WARNING * * *
You are lethally poisoned!
The scorpion poisons you!
The scorpion barely misses you. 😨 HP[-9] MP[-2]
You take 9 damage, and now have 21/44 hp.
MASSIVE DAMAGE!! (PAUSE)
You lost 2 mp, and now have 5/9 mp.
Casting: Ensorcelled Hibernation (safe; 11% risk of failure)
Confirm with . or Enter, or press ? or * to list all spells.
Aiming: Ensorcelled Hibernation (safe; 11% risk of failure)
Press: ? - help, Shift-Dir - straight line, f/p - scorpion
Aim: a scorpion (chance to affect: 44%)
The scorpion resists with some effort.
* * * LOW HITPOINT WARNING * * *
You feel very sick.
The scorpion barely misses you. 😨 HP[-4] MP[-2]
You take 4 damage, and now have 17/44 hp.
You lost 2 mp, and now have 3/9 mp.
Unknown command.
Casting: Ensorcelled Hibernation (safe; 11% risk of failure)
Confirm with . or Enter, or press ? or * to list all spells.
Aiming: Ensorcelled Hibernation (safe; 11% risk of failure)
Press: ? - help, Shift-Dir - straight line, f/p - scorpion
Aim: a scorpion (chance to affect: 44%)
You miscast Ensorcelled Hibernation.
You are very lightly contaminated with residual magic.
Nothing appears to happen.
* * * LOW HITPOINT WARNING * * *
You feel very sick.
The scorpion barely misses you. 😨 HP[-4] MP[-2]
You take 4 damage, and now have 13/44 hp.
You lost 2 mp, and now have 1/9 mp.
Casting: Ensorcelled Hibernation (safe; 11% risk of failure)
Confirm with . or Enter, or press ? or * to list all spells.
You don't have enough magic to cast this spell.
Okay, then.
You aren't carrying any items that you can evoke.
Unknown command.
Okay, then.
Okay, then.
Okay, then.
You are confused.
You feel invigorated.
You feel very sick.
The scorpion misses you. 😨 HP[+1] MP[+3]
You regained 3 mp, and now have 4/9 mp.
You bump into the rock wall.
You feel very sick.
The scorpion barely misses you. 😨 HP[+3] MP[+3]
You regained 3 hp, and now have 17/44 hp.
You regained 3 mp, and now have 7/9 mp.
Unknown command.
You feel less invigorated.
You feel less confused.
You feel sick. The scorpion stings you.
* * * LOW HITPOINT WARNING * * *
You are lethally poisoned!
The scorpion poisons you! The scorpion stings you.
* * * LOW HITPOINT WARNING * * *
Things that are here:
a +0 mace; 11 gold pieces; 😱 HP[-7] MP[+2]
You take 7 damage, and now have 10/44 hp.
Your mp is fully restored (9).
* * * LOW HITPOINT WARNING * * *
You feel very sick. 😱 HP[-4]
You take 4 damage, and now have 6/44 hp.
Casting: Ensorcelled Hibernation (safe; 11% risk of failure)
Confirm with . or Enter, or press ? or * to list all spells.
Aiming: Ensorcelled Hibernation (safe; 11% risk of failure)
Press: ? - help, Shift-Dir - straight line, f/p - scorpion
Aim: a scorpion (chance to affect: 44%)
The scorpion looks drowsy...
* * * LOW HITPOINT WARNING * * *
You feel very sick. 😱 HP[-3] MP[-2]
You take 3 damage, and now have 3/44 hp.
You lost 2 mp, and now have 7/9 mp.
Unknown command.
The helpless scorpion fails to defend itself.
You puncture the scorpion!
The scorpion is poisoned.
You headbutt the scorpion.
* * * LOW HITPOINT WARNING * * *
You feel very sick. The scorpion stings you.
You die...

Skill      XL: |  1  2  3  4 |
---------------+-------------+-----
Short Blades   | 1 2 |  2.8
Dodging        | 2 |  2.6
Fighting       | 1 |  1.7
Stealth        | 3 |  3.2
Hexes          | 4 |  4.3
Spellcasting   | |  2.6

Action                     |  1- 3 |  4- 6 || total
---------------------------+-------+-------++-------
  Melee: Dagger            |   127 |       ||   127
         Punch             |     1 |       ||     1
         Short sword       |    39 |    35 ||    74
         Headbutt          |       |     8 ||     8
   Cast: Ensorcelled Hiber |     6 |    10 ||    16
    Use: Scroll            |       |     8 ||     8
         Potion            |       |     1 ||     1
   Stab: Sleeping          |     9 |     5 ||    14
 Armour: Robe              |    60 |    29 ||    89
  Dodge: Dodged            |   102 |    22 ||   124

Levels and vault maps discovered:
D:1:      shiori_arrival_oz, layout_loops_ring, dreamdust_princess_corridor,
          serial_bayou_pond_b
D:2:      layout_basic, hangedman_feature_mirror, grunt_decor_cap,
          minmay_tiny_reverse_x
D:3:      layout_basic, hellmonk_ecumenical_altar_leap_of_faith
D:5:      layout_basic, mainiacjoe_overflow_paths,
          nicolae_dithmenos_the_darkroom, serial_shops, shop, uniq_blork_the_orc
D:6:      layout_loops_ring, kennysheep_vampire_church

Notes
Turn   | Place    | Note
-------+----------+-------------------------------------------
     0 | D:1      | kae the Demonspawn Enchanter began the quest for the Orb.
     0 | D:1      | Reached XP level 1. HP: 13/13 MP: 3/3
     0 | D:1      | magus.rc [v1.11.3]
    28 | D:1      | Reached skill level 1 in Short Blades
   200 | D:1      | Gained mutation: You are partially covered in yellow
                  | scales. (AC +2) [demonic ancestry]
   200 | D:1      | Reached XP level 2. HP: 17/19 MP: 5/5
   218 | D:1      | Learned a level 2 spell: Ensorcelled Hibernation
   350 | D:1      | Reached skill level 2 in Dodging
   597 | D:1      | Reached XP level 3. HP: 24/25 MP: 6/6
   601 | D:1      | Learned a level 3 spell: Confusing Touch
  1517 | D:2      | Gained mutation: You have a pair of small horns on your
                  | head. [demonic ancestry]
  1517 | D:2      | Reached XP level 4. HP: 30/31 MP: 7/7
  1707 | D:3      | You fall into a shaft and drop 3 floors!
  1724 | D:6      | Noticed a scorpion
  1730 | D:6      | Killed a scorpion
  1731 | D:6      | Reached skill level 1 in Fighting
  1731 | D:6      | Reached skill level 2 in Short Blades
  1731 | D:6      | Reached skill level 3 in Stealth
  1810 | D:5      | Entered Level 5 of the Dungeon
  1810 | D:5      | Noticed a scorpion
  1816 | D:5      | Killed a scorpion
  1817 | D:5      | Reached skill level 4 in Hexes
  1817 | D:5      | Gained mutation: Your demonic aura sometimes causes spilled
                  | blood to erupt in flames. [demonic ancestry]
  1817 | D:5      | Reached XP level 5. HP: 37/37 MP: 5/8
  2041 | D:5      | Reached XP level 6. HP: 34/44 MP: 9/9
  2050 | D:5      | HP: 10/44 [scorpion (5)]
  2052 | D:5      | HP: 3/44 [poisoned by a scorpion]
  2053 | D:5      | HP: 1/44 [poisoned by a scorpion]
  2053 | D:5      | Slain by a scorpion

Vanquished Creatures
  2 scorpions
  A jelly (D:5)
  A hound (D:5)
  2 adders
  An ufetubus (D:5)
  A worm (D:2)
  A dart slug (D:2)
  2 orcs (D:5)
  3 bats
  7 endoplasms
  2 giant cockroaches (D:1)
  5 goblins
  4 hobgoblins
  2 jackals
  4 quokkas
  4 ball pythons
  6 frilled lizards
  8 kobolds
  3 rats (D:2)
59 creatures vanquished.

Table legend:
 A = Non-vault XP
 B = Vault XP
 C = Vault XP percentage of total XP
 D = Non-vault monster count
 E = Vault monster count
 F = Vault count percentage of total count
                 A         B        C        D         E       F
            +---------+---------+-------+---------+---------+-------
      Total |     359 |      26 |   6.8 |      44 |      15 |  25.4
            +---------+---------+-------+---------+---------+-------
        D:1 |      35 |      12 |  25.5 |      21 |       7 |  25.0
        D:2 |      39 |      14 |  26.4 |      15 |       8 |  34.8
        D:5 |     197 |       0 |   0.0 |       7 |       0 |   0.0
        D:6 |      88 |       0 |   0.0 |       1 |       0 |   0.0
            +---------+---------+-------+---------+---------+-------

Skill      XL: |  1  2  3  4 |
---------------+-------------+-----
Short Blades   | 1 2 |  2.8
Dodging        | 2 |  2.6
Fighting       | 1 |  1.7
Stealth        | 3 |  3.2
Hexes          | 4 |  4.3
Spellcasting   | |  2.6

Action                     |  1- 3 |  4- 6 || total
---------------------------+-------+-------++-------
  Melee: Dagger            |   127 |       ||   127
         Punch             |     1 |       ||     1
         Short sword       |    39 |    35 ||    74
         Headbutt          |       |     8 ||     8
   Cast: Ensorcelled Hiber |     6 |    10 ||    16
    Use: Scroll            |       |     8 ||     8
         Potion            |       |     1 ||     1
   Stab: Sleeping          |     9 |     5 ||    14
 Armour: Robe              |    60 |    29 ||    89
  Dodge: Dodged            |   102 |    22 ||   124

Illustrated notes

Table legend:
 A = Kills in this place as a percentage of kills in the entire game.
 B = Kills by you in this place as a percentage of kills by you in the entire game.
 C = Kills by friends in this place as a percentage of kills by friends in the entire game.
 D = Other kills in this place as a percentage of other kills in the entire game.
 E = Experience gained in this place as a percentage of experience gained in the entire game.
 F = Experience gained in this place divided by the number of levels of this place that you have seen.
                   A       B       C       D       E      F
               +-------+-------+-------+-------+-------+----------------------
         Total | 100.0 | 100.0 |   N/A |   N/A | 100.0 |  77.0
       Dungeon | 100.0 | 100.0 |   N/A |   N/A | 100.0 |  77.0
               +-------+-------+-------+-------+-------+----------------------

Table legend: (Time is in decaauts)
 A = Elapsed time spent in this place.
 B = Non-inter-level travel time spent in this place.
 C = Inter-level travel time spent in this place.
 D = Time resting spent in this place.
 E = Time spent auto-exploring this place.
 F = Levels seen in this place.
 G = Mean time per level.
                   A        B        C        D        E       F      G
               +--------+--------+--------+--------+--------+-----+--------+
         Total |   2034 |   1996 |     38 |    148 |   1420 |   5 |  406.8 |
       Dungeon |   2034 |   1996 |     38 |    148 |   1420 |   5 |  406.8 |
               +--------+--------+--------+--------+--------+-----+--------+

Top non-repeatable levels by time:
     D:1: 899 daAuts
     D:2: 782 daAuts
     D:5: 239 daAuts
     D:6: 102 daAuts
     D:3: 10 daAuts
